Map: Lost Temple

Players

Player 3

  • Race: Protoss Protoss
  • Spawn Location: 12:00

Player 2

  • Race: Zerg Zerg
  • Spawn Location: 9:00

NamroodTuo - Winner!

  • Race: Zerg Zerg

VOD

Have the link to the VOD?

Description

Time

  • Played on: Jan. 20, 2023, 5:19 p.m.
  • Length: 17:18
Show
View Real Time Build Order
Export as new Build Order

Player 3 Protoss 

Build Orders:  

Get SALT Encoding   

  1  0:00  Probe  
  12  0:03  Unknown  
  13  0:08  Probe  
  14  0:19  Probe  
  14  0:20  Pylon  
  15  0:36  Probe  
  16  0:46  Probe  
  16  0:47  Assimilator  
  17  0:50  Gateway  
  17  0:56  Probe  
  17  0:58  Pylon  
  18  1:06  Probe  
  19  1:18  Probe  
  20  1:28  Warp Gate  
  20  1:34  Zealot  
  20  1:39  Cybernetics Core  
  22  1:42  Gateway  
  22  1:46  Assimilator  
  22  2:05  Pylon  
  22  2:12  Stalker  
  24  2:28  Adept  
  28  2:49  Pylon  
  30  3:16  Stalker  
  32  3:22  Probe  
  33  3:29  Adept  
  35  3:34  Probe  
  35  3:35  Pylon  
  36  3:43  Stalker  
  36  3:46  Probe  
  39  3:54  Forge  
  39  3:56  Stalker  
  39  3:58  Probe  
  42  4:10  Probe, Stalker  
  45  4:22  Probe  
  46  5:33  Probe  
  46  5:52  Blink  
  46  6:06  Protoss Ground Weapons Level 1  
  46  6:12  Sentry  
  46  6:14  Gateway  
  48  6:22  Adept  
  50  6:28  Nexus  
  50  6:31  Twilight Council  
  50  6:32  Unknown  
  50  6:33  Adept  
  50  6:34  Pylon  
  50  6:43  Stalker  
  46  6:53  Photon Cannon, Stalker  
  48  7:05  Stalker  
  50  7:10  Photon Cannon  
  50  7:13  Forge  
  50  7:15  Stalker  
  52  7:25  Sentry  
  54  7:31  Stargate  
  54  7:32  Protoss Ground Armor Level 1  
  54  7:41  Probe  
  54  7:42  Probe  
  56  7:51  Assimilator  
  56  7:53  Probe  
  56  7:54  Probe  
  58  8:05  Probe  
  59  8:06  Probe  
  59  8:09  Pylon  
  60  8:17  Probe  
  60  8:18  Probe  
  62  8:27  Pylon, Assimilator  
  62  8:29  Probe  
  62  8:30  Probe  
  62  8:31  Robotics Facility  
  64  8:41  Probe  
  64  8:42  Probe  
  66  8:48  Photon Cannon  
  66  8:50  Photon Cannon  
  66  8:53  Probe  
  66  8:54  Probe  
  68  8:57  Zealot  
  58  9:05  Probe  
  58  9:07  Probe  
  58  9:08  Stalker  
  52  9:17  Probe, Observer  
  52  9:18  Stalker  
  52  9:19  Probe  
  57  9:28  Stalker  
  57  9:30  Probe  
  60  9:36  Observer  
  60  9:38  Adept  
  63  9:48  Stalker  
  65  9:58  Adept  
  67  10:08  Adept  
  69  10:18  Adept  
  71  10:28  Sentry  
  73  10:32  Warp Prism  
  73  10:39  Stalker  
  73  10:40  Gateway, Protoss Ground Weapons Level 2  
  77  10:43  Robotics Facility  
  77  10:47  Stargate  
  77  10:50  Pylon  
  77  10:54  Fleet Beacon  
  72  11:04  Disruptor  
  72  11:08  Protoss Ground Armor Level 2  
  65  11:14  Sentry  
  67  11:26  Nexus, Warp Prism  
  67  11:30  Unknown  
  69  11:37  Warp Prism, Tempest  
  76  11:52  Robotics Bay  
  76  11:59  Disruptor  
  79  12:12  Protoss Air Weapons Level 1, Observer  
  80  12:22  Templar Archives  
  80  12:23  Gravitic Boosters  
  80  12:38  Probe  
  80  12:40  Probe x2  
  83  12:50  Probe  
  84  12:52  Probe  
  84  12:53  Probe  
  84  12:54  Protoss Shields Level 1  
  83  13:02  Probe  
  83  13:04  Probe  
  83  13:05  Probe  
  80  13:14  Probe  
  80  13:16  Probe  
  80  13:17  Probe  
  75  13:20  Dark Shrine  
  75  13:24  Pylon  
  75  13:26  Probe, Assimilator  
  76  13:28  Probe, Pylon  
  76  13:29  Probe  
  76  13:30  Disruptor, Assimilator  
  71  13:38  Probe  
  71  13:40  Probe  
  65  13:41  Probe  
  65  13:45  Stalker  
  61  13:50  Observer  
  61  13:51  Probe  
  61  13:52  Probe  
  61  13:54  Probe  
  56  13:56  Sentry  
  56  13:57  Photon Cannon  
  56  13:58  Photon Cannon  
  56  14:03  Probe, Tempest  
  56  14:04  Probe  
  56  14:06  Probe, Protoss Air Armor Level 1  
  62  14:14  Disruptor  
  62  14:15  Probe  
  62  14:16  Probe  
  63  14:18  Probe  
  65  14:27  Probe  
  65  14:28  Probe, Zealot  
  69  14:32  Adept  
  70  14:41  Void Ray  
  70  14:45  Probe  
  74  14:51  Zealot  
  75  14:53  Probe  
  75  14:57  Probe  
  67  15:30  Zealot  
  67  15:36  Zealot  
  61  15:43  Zealot  
  61  15:47  Zealot  
  61  15:48  Nexus  
  55  15:51  Unknown, Stalker  
  55  15:55  Sentry  
  51  16:21  Stalker  
  54  16:28  Stalker  
  54  16:30  Probe  
  23  16:46  Probe  
Show
View Real Time Build Order
Export as new Build Order

Player 2 Zerg 

Build Orders: 1 Base Baneling Bust, Pool First 

Get SALT Encoding   

  12  0:00  Drone  
  12  0:03  Unknown  
  13  0:12  Overlord  
  13  0:18  Drone  
  14  0:30  Drone  
  14  0:32  Drone  
  16  0:44  Spawning Pool  
  16  0:46  Drone  
  16  0:50  Drone  
  16  0:53  Extractor  
  16  0:55  Drone  
  17  1:04  Overlord  
  17  1:17  Zergling x2  
  18  1:22  Queen  
  18  1:25  Zergling x2  
  19  1:36  Drone  
  19  1:38  Roach Warren  
  19  1:39  Extractor  
  20  1:47  Drone  
  21  1:58  Drone  
  22  2:08  Roach  
  24  2:19  Drone  
  25  2:30  Roach  
  25  2:31  Overlord, Drone  
  25  2:36  Roach  
  30  2:49  Roach  
  32  2:51  Overlord  
  32  2:55  Roach  
  34  3:00  Roach  
  36  3:06  Roach  
  36  3:09  Drone  
  36  3:12  Roach  
  41  3:13  Overlord  
  41  3:18  Drone  
  42  3:23  Drone  
  43  3:28  Drone  
  43  3:30  Drone  
  43  3:32  Drone  
  46  3:41  Baneling Nest  
  45  3:43  Drone  
  46  3:50  Evolution Chamber  
  46  3:51  Drone  
  46  4:34  Lair  
  46  4:49  Overlord, Zerg Melee Weapons Level 1  
  46  4:51  Drone, Evolution Chamber  
  46  5:14  Spore Crawler  
  46  5:16  Drone  
  46  5:20  Zerg Missile Weapons Level 1, Zergling x2  
  45  5:25  Spore Crawler  
  45  5:26  Drone  
  37  5:31  Roach  
  37  5:33  Overseer  
  31  5:36  Hydralisk Den  
  31  5:38  Drone  
  31  5:40  Roach  
  33  5:49  Roach  
  35  5:55  Spine Crawler  
  34  5:59  Roach, Queen  
  36  6:04  Spine Crawler  
  36  6:05  Hydralisk, Drone  
  38  6:14  Hydralisk  
  42  6:21  Infestation Pit  
  42  6:22  Drone  
  42  6:24  Hydralisk  
  42  6:26  Hatchery  
  42  6:30  Unknown  
  43  6:33  Hydralisk  
  45  6:43  Drone, Zerg Ground Armor Level 1  
  46  6:50  Muscular Augments  
  46  7:02  Overseer  
  46  7:07  Spire  
  45  7:10  Drone  
  45  7:12  Drone  
  47  7:17  Drone  
  47  7:22  Drone  
  49  7:25  Drone  
  49  7:28  Drone  
  51  7:30  Drone  
  51  7:33  Drone  
  51  7:36  Drone  
  54  7:39  Drone  
  54  7:41  Drone  
  57  7:44  Drone  
  57  7:46  Drone  
  57  7:49  Drone  
  59  7:51  Drone  
  59  7:54  Drone  
  61  7:58  Overlord  
  61  8:01  Drone  
  61  8:03  Drone  
  61  8:05  Drone, Queen  
  64  8:09  Spore Crawler  
  64  8:10  Drone  
  64  8:13  Hive  
  64  8:16  Drone, Spore Crawler  
  66  8:38  Greater Spire  
  66  8:44  Overlord  
  68  8:53  Extractor  
  67  8:57  Extractor  
  66  9:08  Zergling x2  
  66  9:09  Unknown  
  60  9:27  Unknown  
  59  9:38  Drone  
  60  9:40  Drone, Brood Lord  
  60  9:41  Infestor  
  60  9:42  Drone  
  60  9:43  Drone  
  60  9:45  Drone  
  66  9:46  Drone, Pneumatized Carapace  
  66  9:51  Overseer  
  69  10:05  Overlord  
  69  10:09  Hatchery  
  69  10:11  Corruptor  
  69  10:13  Unknown  
  70  10:27  Corruptor  
  72  10:29  Hydralisk  
  72  10:34  Spine Crawler  
  71  10:38  Spine Crawler  
  71  10:39  Corruptor  
  68  10:51  Infestor  
  68  10:54  Drone  
  68  10:55  Drone  
  62  10:57  Drone  
  62  10:58  Drone  
  62  11:00  Drone  
  62  11:01  Drone  
  62  11:03  Drone  
  66  11:04  Drone  
  66  11:05  Infestor  
  66  11:06  Drone  
  66  11:07  Drone  
  66  11:09  Drone  
  66  11:11  Drone  
  73  11:12  Drone  
  73  11:14  Drone  
  73  11:15  Drone  
  73  11:16  Drone  
  73  11:17  Corruptor, Brood Lord  
  73  11:18  Drone  
  82  11:19  Overlord, Drone  
  83  11:28  Drone  
  83  11:35  Spore Crawler  
  83  11:36  Drone  
  83  11:38  Drone, Spore Crawler  
  82  11:40  Drone  
  82  11:41  Corruptor, Brood Lord  
  87  11:51  Extractor  
  87  11:52  Drone, Corruptor  
  87  11:53  Extractor, Brood Lord  
  90  11:54  Overlord, Overseer  
  90  11:55  Drone  
  91  12:09  Drone, Spine Crawler  
  91  12:12  Drone, Spine Crawler  
  91  12:15  Drone  
  91  12:17  Drone  
  91  12:19  Zergling x2  
  91  12:33  Drone  
  91  12:34  Drone  
  91  12:36  Drone  
  82  12:37  Drone  
  82  12:39  Drone  
  82  12:40  Corruptor  
  82  12:41  Drone  
  82  12:42  Drone  
  73  12:44  Drone, Overseer  
  73  12:45  Drone  
  73  12:47  Drone  
  73  12:50  Zergling x2  
  70  12:54  Roach  
  70  12:56  Queen  
  70  12:57  Roach  
  65  13:01  Roach  
  65  13:02  Hydralisk  
  57  13:08  Roach  
  57  13:12  Roach  
  44  13:15  Zergling x2  
  44  13:16  Hydralisk  
  36  13:23  Zergling x2  
  30  13:27  Drone  
  30  13:28  Drone  
  30  13:31  Hydralisk  
  32  13:39  Drone  
  24  13:43  Lair  
  24  13:45  Drone  
  24  13:47  Drone  
  17  14:26  Drone  
  16  14:40  Drone  
  16  14:49  Drone  
  16  14:50  Drone  
  17  14:56  Drone  
  17  14:57  Drone  
  18  15:01  Drone  
  18  15:02  Drone  
  18  15:05  Drone  
  19  15:14  Drone  
Show
View Real Time Build Order
Export as new Build Order

NamroodTuo Zerg - Winner!

Build Orders:  

Get SALT Encoding   

  12  0:00  Unknown x2  
  12  0:01  Unknown  
  13  0:09  Unknown  
  13  0:13  Unknown x2  
  15  0:22  Unknown  
  15  0:23  Unknown  
  15  0:25  Unknown  
  15  0:41  Unknown x2  
  15  0:43  Unknown  
  15  0:44  Unknown  
  15  0:46  Unknown  
  18  0:55  Unknown  
  18  0:56  Unknown  
  18  0:58  Unknown  
  18  1:02  Unknown  
  18  1:05  Unknown x2  
  18  1:09  Unknown  
  19  1:17  Unknown  
  19  1:20  Unknown  
  19  1:23  Unknown  
  20  1:27  Unknown  
  20  1:31  Unknown  
  21  1:35  Unknown  
  21  1:38  Unknown x3  
  21  1:39  Unknown x2  
  26  1:40  Unknown  
  26  1:41  Unknown x2  
  26  1:42  Unknown  
  26  1:43  Unknown x2  
  26  1:44  Unknown x2  
  26  1:45  Unknown  
  27  1:57  Unknown  
  27  2:08  Unknown x8  
  27  2:19  Unknown  
  27  2:20  Unknown  
  27  2:22  Unknown  
  29  2:30  Unknown x8  
  29  2:31  Unknown  
  29  2:32  Unknown  
  29  2:34  Unknown  
  29  2:38  Unknown  
  29  2:51  Unknown x8  
  24  3:10  Unknown  
  24  3:12  Unknown  
  24  3:13  Unknown x9  
  24  3:15  Unknown  
  28  3:24  Unknown  
  28  3:27  Unknown  
  28  3:34  Unknown x16  
  28  3:35  Unknown  
  28  3:53  Unknown  
  28  3:55  Unknown x8  
  28  3:56  Unknown x8  
  28  3:59  Unknown  
  28  4:04  Unknown x2  
  28  4:07  Unknown  
  28  4:10  Unknown  
  28  4:16  Unknown  
  28  4:17  Unknown x16  
  28  4:21  Unknown  
  28  4:22  Unknown  
  32  4:25  Unknown  
  32  4:26  Unknown  
  32  4:27  Unknown x3  
  32  4:28  Unknown  
  34  4:33  Unknown  
  34  4:37  Unknown  
  34  4:38  Unknown x16  
  34  4:39  Unknown x3  
  34  4:42  Unknown  
  34  4:44  Unknown  
  34  4:45  Unknown x2  
  34  4:46  Unknown  
  34  4:50  Unknown  
  34  4:55  Unknown  
  34  4:56  Unknown  
  34  4:59  Unknown  
  34  5:00  Unknown x17  
  34  5:01  Unknown  
  34  5:06  Unknown  
  34  5:07  Unknown  
  34  5:11  Unknown x2  
  34  5:13  Unknown  
  34  5:14  Unknown  
  34  5:17  Unknown  
  34  5:18  Unknown x4  
  34  5:19  Unknown x3  
  34  5:20  Unknown x5  
  34  5:21  Unknown x24  
  34  5:22  Unknown  
  34  5:23  Unknown x4  
  34  5:24  Unknown  
  34  5:25  Unknown  
  34  5:26  Unknown  
  34  5:29  Unknown  
  34  5:30  Unknown x2  
  34  5:31  Unknown x2  
  34  5:32  Unknown x4  
  34  5:33  Unknown x2  
  34  5:34  Unknown x3  
  34  5:36  Unknown  
  34  5:40  Unknown  
  34  5:41  Unknown  
  34  5:42  Unknown x4  
  34  5:43  Unknown x12  
  34  5:46  Unknown  
  34  5:47  Unknown  
  34  5:51  Unknown  
  34  5:53  Unknown  
  38  5:57  Unknown  
  38  5:58  Unknown  
  38  5:59  Unknown  
  38  6:03  Unknown  
  38  6:04  Unknown x19  
  38  6:07  Unknown  
  38  6:09  Unknown  
  38  6:10  Unknown  
  38  6:13  Unknown  
  38  6:14  Unknown  
  38  6:16  Unknown  
  38  6:20  Unknown  
  38  6:21  Unknown  
  38  6:25  Unknown x10  
  38  6:26  Unknown x7  
  38  6:27  Unknown  
  38  6:31  Unknown  
  38  6:33  Unknown  
  38  6:36  Unknown  
  38  6:37  Unknown x3  
  38  6:39  Unknown x4  
  38  6:40  Unknown x2  
  38  6:41  Unknown x2  
  38  6:43  Unknown  
  38  6:44  Unknown  
  38  6:45  Unknown x3  
  38  6:46  Unknown x6  
  38  6:47  Unknown x21  
  38  6:48  Unknown x3  
  38  6:49  Unknown x7  
  38  6:50  Unknown x4  
  38  6:51  Unknown x6  
  38  6:52  Unknown x3  
  38  6:53  Unknown x4  
  38  6:54  Unknown x7  
  38  6:55  Unknown x3  
  38  6:56  Unknown x7  
  38  6:57  Unknown x3  
  38  6:58  Unknown x4  
  38  6:59  Unknown x3  
  38  7:00  Unknown  
  38  7:01  Unknown  
  38  7:04  Unknown x2  
  38  7:06  Unknown  
  38  7:07  Unknown  
  42  7:08  Unknown x16  
  42  7:10  Unknown  
  42  7:11  Unknown  
  42  7:13  Unknown  
  42  7:16  Unknown  
  42  7:17  Unknown  
  42  7:19  Unknown  
  42  7:20  Unknown  
  42  7:21  Unknown x2  
  42  7:23  Unknown  
  42  7:24  Unknown  
  42  7:27  Unknown  
  42  7:28  Unknown  
  42  7:29  Unknown  
  42  7:30  Unknown x18  
  42  7:33  Unknown  
  42  7:34  Unknown  
  42  7:35  Unknown  
  42  7:36  Unknown  
  42  7:37  Unknown x2  
  46  7:38  Unknown  
  46  7:40  Unknown  
  46  7:41  Unknown  
  46  7:42  Unknown  
  46  7:44  Unknown  
  46  7:46  Unknown  
  46  7:47  Unknown x2  
  46  7:50  Unknown x2  
  46  7:51  Unknown x33  
  46  7:53  Unknown x2  
  46  7:56  Unknown  
  46  7:57  Unknown  
  46  7:59  Unknown x2  
  46  8:01  Unknown x2  
  46  8:03  Unknown  
  46  8:04  Unknown  
  46  8:05  Unknown  
  46  8:07  Unknown  
  46  8:09  Unknown  
  46  8:10  Unknown x2  
  46  8:12  Unknown x4  
  46  8:13  Unknown x31  
  46  8:14  Unknown  
  46  8:16  Unknown x2  
  46  8:18  Unknown x2  
  46  8:20  Unknown  
  46  8:21  Unknown  
  46  8:22  Unknown  
  46  8:24  Unknown x2  
  46  8:26  Unknown  
  46  8:27  Unknown x2  
  46  8:30  Unknown x2  
  46  8:31  Unknown  
  46  8:33  Unknown x2  
  46  8:34  Unknown x32  
  46  8:36  Unknown x2  
  46  8:37  Unknown  
  46  8:39  Unknown x2  
  46  8:41  Unknown x2  
  46  8:43  Unknown  
  46  8:44  Unknown  
  46  8:45  Unknown  
  46  8:47  Unknown x2  
  46  8:49  Unknown  
  46  8:50  Unknown x2  
  46  8:52  Unknown  
  46  8:53  Unknown x2  
  46  8:54  Unknown  
  46  8:55  Unknown x18  
  46  8:56  Unknown x47  
  46  8:57  Unknown x8  
  46  8:58  Unknown x4  
  46  8:59  Unknown x5  
  46  9:00  Unknown x24  
  46  9:01  Unknown x3  
  46  9:02  Unknown x3  
  71  9:03  Unknown x4  
  71  9:04  Unknown x5  
  71  9:05  Unknown  
  71  9:06  Unknown x6  
  71  9:07  Unknown x3  
  71  9:08  Unknown x4  
  71  9:10  Unknown x3  
  71  9:11  Unknown x3  
  71  9:12  Unknown  
  71  9:13  Unknown x4  
  71  9:14  Unknown x2  
  71  9:16  Unknown x4  
  71  9:17  Unknown x34  
  71  9:19  Unknown x2  
  71  9:21  Unknown x2  
  71  9:23  Unknown  
  71  9:24  Unknown  
  71  9:25  Unknown  
  71  9:26  Unknown x2  
  71  9:27  Unknown x2  
  71  9:28  Unknown  
  71  9:29  Unknown  
  71  9:30  Unknown x2  
  71  9:32  Unknown x2  
  71  9:33  Unknown x4  
  71  9:34  Unknown x2  
  71  9:36  Unknown x2  
  71  9:37  Unknown  
  76  9:38  Unknown x33  
  76  9:39  Unknown x4  
  76  9:40  Unknown  
  76  9:41  Unknown  
  76  9:42  Unknown  
  76  9:44  Unknown x2  
  76  9:45  Unknown x2  
  76  9:46  Unknown x3  
  76  9:47  Unknown x2  
  76  9:48  Unknown  
  76  9:49  Unknown  
  76  9:50  Unknown x2  
  76  9:51  Unknown  
  77  9:53  Unknown x2  
  77  9:56  Unknown x2  
  77  9:57  Unknown  
  77  9:59  Unknown x2  
  77  10:00  Unknown x33  
  77  10:01  Unknown x2  
  77  10:03  Unknown  
  77  10:04  Unknown  
  77  10:05  Unknown  
  77  10:07  Unknown x2  
  77  10:09  Unknown  
  77  10:10  Unknown x2  
  77  10:13  Unknown x3  
  77  10:14  Unknown x2  
  77  10:16  Unknown x3  
  77  10:18  Unknown x2  
  77  10:20  Unknown  
  52  10:21  Unknown x41  
  52  10:22  Unknown  
  52  10:24  Unknown x3  
  52  10:26  Unknown  
  52  10:27  Unknown x2  
  52  10:28  Unknown  
  52  10:30  Unknown x2  
  52  10:31  Unknown  
  52  10:33  Unknown x2  
  52  10:36  Unknown x2  
  52  10:37  Unknown  
  52  10:39  Unknown x2  
  52  10:40  Unknown x5  
  52  10:41  Unknown x2  
  52  10:42  Unknown x8  
  52  10:43  Unknown x26  
  52  10:44  Unknown x4  
  52  10:45  Unknown  
  52  10:46  Unknown x2  
  52  10:47  Unknown x6  
  52  10:48  Unknown x5  
  52  10:49  Unknown x7  
  52  10:50  Unknown x7  
  52  10:51  Unknown x4  
  52  10:52  Unknown x16  
  52  10:53  Unknown x11  
  52  10:54  Unknown x2  
  52  10:56  Unknown x6  
  52  10:57  Unknown x23  
  53  10:58  Unknown x36  
  53  10:59  Unknown x5  
  53  11:00  Unknown x9  
  53  11:01  Unknown x35  
  53  11:02  Unknown x27  
  53  11:03  Unknown x5  
  53  11:04  Unknown x47  
  104  11:05  Unknown x5  
  104  11:06  Unknown x6  
  104  11:07  Unknown x10  
  104  11:08  Unknown x3  
  104  11:09  Unknown x8  
  104  11:10  Unknown x6  
  104  11:11  Unknown x4  
  104  11:12  Unknown x7  
  104  11:13  Unknown x6  
  104  11:14  Unknown x6  
  104  11:15  Unknown  
  104  11:16  Unknown x3  
  104  11:17  Unknown x2  
  104  11:19  Unknown x3  
  104  11:20  Unknown  
  104  11:21  Unknown x2  
  104  11:22  Unknown  
  104  11:23  Unknown x2  
  104  11:24  Unknown  
  104  11:25  Unknown x21  
  108  11:26  Unknown x12  
  108  11:27  Unknown x3  
  108  11:28  Unknown  
  108  11:29  Unknown x9  
  108  11:30  Unknown x3  
  108  11:33  Unknown x2  
  108  11:34  Unknown  
  108  11:36  Unknown x2  
  108  11:38  Unknown x2  
  108  11:40  Unknown  
  108  11:41  Unknown  
  108  11:42  Unknown  
  108  11:44  Unknown x2  
  108  11:46  Unknown x2  
  108  11:47  Unknown x43  
  108  11:50  Unknown x2  
  108  11:51  Unknown  
  108  11:53  Unknown x2  
  108  11:56  Unknown x3  
  108  11:57  Unknown  
  108  11:59  Unknown x2  
  108  12:00  Unknown x10  
  108  12:01  Unknown x13  
  129  12:03  Unknown x2  
  129  12:04  Unknown x21  
  129  12:05  Unknown x2  
  129  12:07  Unknown x2  
  129  12:08  Unknown x44  
  130  12:09  Unknown  
  130  12:10  Unknown x3  
  130  12:11  Unknown  
  130  12:12  Unknown x11  
  130  12:13  Unknown x2  
  130  12:14  Unknown  
  130  12:15  Unknown  
  140  12:16  Unknown x3  
  140  12:17  Unknown  
  140  12:18  Unknown x3  
  140  12:19  Unknown  
  140  12:20  Unknown  
  140  12:21  Unknown  
  140  12:22  Unknown x5  
  89  12:23  Unknown x7  
  89  12:24  Unknown x6  
  89  12:25  Unknown x4  
  89  12:26  Unknown x3  
  89  12:27  Unknown x13  
  89  12:28  Unknown x8  
  89  12:29  Unknown x7  
  89  12:30  Unknown x49  
  89  12:31  Unknown x13  
  89  12:32  Unknown x10  
  89  12:33  Unknown x9  
  89  12:34  Unknown x7  
  89  12:35  Unknown x11  
  89  12:36  Unknown x10  
  89  12:37  Unknown x12  
  89  12:38  Unknown x5  
  89  12:39  Unknown x29  
  89  12:40  Unknown x35  
  89  12:41  Unknown x6  
  89  12:42  Unknown x12  
  89  12:43  Unknown x30  
  89  12:44  Unknown x15  
  135  12:45  Unknown x2  
  135  12:47  Unknown x2  
  135  12:49  Unknown  
  135  12:50  Unknown x3  
  132  12:51  Unknown x32  
  132  12:53  Unknown x9  
  132  12:54  Unknown x5  
  132  12:56  Unknown x3  
  132  12:57  Unknown x6  
  132  12:58  Unknown x4  
  129  12:59  Unknown x7  
  129  13:00  Unknown x2  
  129  13:01  Unknown  
  129  13:02  Unknown x2  
  129  13:04  Unknown x2  
  129  13:06  Unknown  
  129  13:07  Unknown x12  
  129  13:08  Unknown x10  
  129  13:09  Unknown x17  
  129  13:10  Unknown x26  
  129  13:11  Unknown x22  
  129  13:12  Unknown x28  
  129  13:13  Unknown x52  
  129  13:14  Unknown x18  
  129  13:15  Unknown x15  
  129  13:16  Unknown x23  
  129  13:17  Unknown x15  
  129  13:18  Unknown x19  
  129  13:19  Unknown x27  
  114  13:20  Unknown x13  
  114  13:21  Unknown x19  
  114  13:22  Unknown x7  
  114  13:23  Unknown x4  
  114  13:24  Unknown x2  
  114  13:25  Unknown x5  
  114  13:26  Unknown x3  
  113  13:27  Unknown x6  
  113  13:28  Unknown x3  
  113  13:29  Unknown x5  
  113  13:30  Unknown x12  
  113  13:31  Unknown x10  
  113  13:32  Unknown x10  
  113  13:33  Unknown x11  
  113  13:34  Unknown x41  
  107  13:35  Unknown x8  
  107  13:36  Unknown x5  
  107  13:37  Unknown x8  
  107  13:38  Unknown x20  
  107  13:39  Unknown x18  
  107  13:40  Unknown x7  
  107  13:41  Unknown x5  
  107  13:42  Unknown x3  
  107  13:43  Unknown x6  
  107  13:44  Unknown x7  
  107  13:45  Unknown x2  
  107  13:46  Unknown  
  107  13:47  Unknown x2  
  107  13:48  Unknown  
  107  13:50  Unknown x2  
  107  13:51  Unknown  
  107  13:53  Unknown x3  
  107  13:55  Unknown x34  
  107  13:56  Unknown x37  
  107  13:57  Unknown  
  107  13:58  Unknown  
  107  13:59  Unknown x7  
  107  14:00  Unknown x2  
  107  14:01  Unknown x5  
  107  14:02  Unknown x13  
  60  14:03  Unknown x14  
  60  14:04  Unknown x15  
  60  14:05  Unknown x4  
  60  14:06  Unknown  
  60  14:07  Unknown x2  
  60  14:09  Unknown x2  
  60  14:10  Unknown x17  
  60  14:13  Unknown x2  
  60  14:14  Unknown x6  
  60  14:15  Unknown  
  60  14:16  Unknown x3  
  64  14:17  Unknown x32  
  64  14:18  Unknown x12  
  64  14:19  Unknown x16  
  64  14:20  Unknown x5  
  64  14:21  Unknown x8  
  64  14:22  Unknown x14  
  64  14:23  Unknown x26  
  64  14:24  Unknown x7  
  64  14:25  Unknown x11  
  64  14:26  Unknown x10  
  64  14:27  Unknown x3  
  64  14:28  Unknown  
  64  14:30  Unknown x3  
  64  14:31  Unknown x2  
  64  14:32  Unknown x26  
  64  14:33  Unknown x21  
  64  14:35  Unknown x7  
  64  14:36  Unknown x30  
  64  14:37  Unknown x9  
  64  14:38  Unknown x71  
  107  14:39  Unknown x23  
  107  14:40  Unknown x17  
  107  14:41  Unknown x21  
  107  14:42  Unknown x15  
  107  14:43  Unknown x2  
  107  14:44  Unknown x2  
  107  14:45  Unknown x2  
  107  14:46  Unknown  
  107  14:47  Unknown x3  
  107  14:48  Unknown x9  
  107  14:49  Unknown x12  
  107  14:50  Unknown x5  
  107  14:51  Unknown x14  
  107  14:52  Unknown x21  
  111  14:53  Unknown x17  
  111  14:54  Unknown x29  
  111  14:55  Unknown x37  
  111  14:56  Unknown x10  
  111  14:57  Unknown x4  
  111  14:58  Unknown x11  
  111  14:59  Unknown x11  
  111  15:00  Unknown x48  
  111  15:01  Unknown x2  
  111  15:02  Unknown x6  
  111  15:03  Unknown x8  
  111  15:04  Unknown x6  
  111  15:05  Unknown x3  
  111  15:06  Unknown x4  
  111  15:07  Unknown x5  
  111  15:08  Unknown x14  
  111  15:09  Unknown x9  
  111  15:10  Unknown x12  
  111  15:11  Unknown  
  111  15:12  Unknown  
  111  15:13  Unknown x3  
  111  15:15  Unknown  
  111  15:16  Unknown x4  
  111  15:17  Unknown x3  
  111  15:18  Unknown x3  
  111  15:19  Unknown x7  
  111  15:20  Unknown x3  
  111  15:21  Unknown x74  
  111  15:22  Unknown x7  
  111  15:23  Unknown x7  
  111  15:24  Unknown x6  
  111  15:25  Unknown x8  
  111  15:26  Unknown x4  
  111  15:27  Unknown x4  
  111  15:29  Unknown x2  
  111  15:30  Unknown x3  
  111  15:33  Unknown x5  
  111  15:34  Unknown x2  
  111  15:35  Unknown x6  
  115  15:36  Unknown x7  
  115  15:37  Unknown  
  115  15:38  Unknown x4  
  115  15:39  Unknown x2  
  115  15:40  Unknown x3  
  115  15:41  Unknown x3  
  115  15:42  Unknown x15  
  115  15:43  Unknown x26  
  115  15:44  Unknown x7  
  115  15:45  Unknown x12  
  115  15:46  Unknown x7  
  115  15:47  Unknown x4  
  115  15:48  Unknown  
  115  15:50  Unknown x4  
  115  15:51  Unknown  
  115  15:52  Unknown x7  
  115  15:53  Unknown x27  
  115  15:54  Unknown x19  
  115  15:56  Unknown x3  
  72  15:57  Unknown  
  72  15:58  Unknown x2  
  72  15:59  Unknown x4  
  72  16:01  Unknown x3  
  72  16:02  Unknown  
  72  16:03  Unknown  
  72  16:04  Unknown x76  
  72  16:05  Unknown x25  
  72  16:06  Unknown x9  
  72  16:07  Unknown x4  
  72  16:08  Unknown x5  
  72  16:09  Unknown x30  
  72  16:10  Unknown x4  
  105  16:12  Unknown  
  105  16:13  Unknown x3  
  105  16:14  Unknown  
  105  16:15  Unknown x2  
  105  16:16  Unknown x9  
  105  16:17  Unknown x4  
  105  16:18  Unknown x8  
  105  16:19  Unknown x6  
  105  16:20  Unknown x12  
  105  16:21  Unknown x6  
  105  16:22  Unknown x9  
  105  16:23  Unknown x15  
  105  16:24  Unknown x26  
  105  16:25  Unknown x46  
  105  16:26  Unknown x50  
  105  16:27  Unknown x39  
  105  16:28  Unknown x25  
  105  16:29  Unknown x21  
  105  16:30  Unknown x37  
  105  16:31  Unknown x11  
  105  16:32  Unknown x4  
  105  16:33  Unknown x7  
  105  16:34  Unknown x11  
  105  16:35  Unknown x7  
  105  16:36  Unknown x12  
  105  16:37  Unknown x6  
  105  16:38  Unknown x8  
  105  16:39  Unknown x14  
  105  16:40  Unknown x12  
  105  16:41  Unknown x7  
  105  16:42  Unknown x10  
  105  16:43  Unknown x5  
  105  16:44  Unknown x12  
  105  16:45  Unknown x29  
  105  16:46  Unknown x6  
  130  16:47  Unknown x75  
  130  16:48  Unknown x15  
  130  16:49  Unknown x19  
  130  16:50  Unknown x7  
  130  16:51  Unknown x3  
  130  16:52  Unknown x3  
  130  16:53  Unknown x35  
  130  16:54  Unknown x20  
  130  16:55  Unknown x10  
  130  16:56  Unknown x29  
  130  16:57  Unknown x14  
  130  16:58  Unknown x8  
  130  16:59  Unknown x11  
  130  17:00  Unknown x20  
  130  17:01  Unknown x6  
  130  17:02  Unknown x12  
  130  17:03  Unknown x16  
  130  17:04  Unknown x8  
  130  17:05  Unknown x4  
  130  17:06  Unknown x11  
  130  17:07  Unknown x12  
  130  17:08  Unknown x58  
  130  17:09  Unknown x25  
  130  17:10  Unknown x22  
  130  17:11  Unknown x11  
  130  17:12  Unknown x4  
  130  17:13  Unknown x8  
  130  17:14  Unknown x8  
  130  17:15  Unknown x6  
  130  17:16  Unknown x4  
  130  17:17  Unknown  
Tags
 
Add a new tag
Caveats
  • Supply blocks, unpowered buildings, or Contaminate may cause inaccurate times.
  • Supply counts are checked every 10 seconds.